SL
GREENVILLE 84S @ D.C. DIVIDED
06/21/2041
 
TOP OF THE 1ST
Greenville 84s batting - Pitching for D.C. Divided : RHP César Sandoval
Pitching: RHP César Sandoval
Batting: SHB Glyn Bolasky 0-0: Ball
1-0: Called Strike
1-1: Fly out, F9 (Line Drive, 9, EV 107.5 MPH)
Batting: RHB Juan Jose Ayala 0-0: Called Strike
0-1: Called Strike
0-2: Strikes out swinging
Batting: RHB Ángelo Delgado 0-0: Foul Ball, location: 2F
0-1: Ball
1-1: Foul Ball, location: 2F
1-2: Ball
2-2: Fly out, F8 (Line Drive, 8RD, EV 110.6 MPH)
Top of the 1st over - 0 runs, 0 hits, 0 errors, 0 left on base; Greenville 0 - D.C. 0
BOTTOM OF THE 1ST
D.C. Divided batting - Pitching for Greenville 84s : LHP Zadock Dinkelmann
Pitching: LHP Zadock Dinkelmann
Batting: RHB Kimi Okubo 0-0: Foul Ball, location: 2F
0-1: Foul Ball, location: 2F
0-2: Ball
1-2: SINGLE (Groundball, 4MD, EV 99.4 MPH)
Batting: LHB Bill Butler 0-0: Ball
1-0: Swinging Strike
1-1: Called Strike
1-2: Ball
2-2: Ball
3-2: Strikes out swinging
Batting: RHB Martín Chávez 0-0: Called Strike
0-1: Foul Ball, location: 2F
0-2: SINGLE (Groundball, 56D, EV 101.9 MPH)
Kimi Okubo to second
Batting: LHB Manuel Carmona 0-0: Swinging Strike
0-1: Called Strike
Kimi Okubo steals 3rd base
Martín Chávez to second
0-2: Strikes out looking
Batting: LHB Stanley Zijm 0-0: Ball
1-0: Fly out, F8 (Flyball, 8RD, EV 101.9 MPH)
Bottom of the 1st over - 0 runs, 2 hits, 0 errors, 2 left on base; Greenville 0 - D.C. 0
TOP OF THE 2ND
Greenville 84s batting - Pitching for D.C. Divided : RHP César Sandoval
Batting: LHB Chris Payling 0-0: Ball
1-0: Called Strike
1-1: Ball
2-1: Called Strike
2-2: Ground out 6-3 (Groundball, 6, EV 80.6 MPH)
Batting: RHB Gil Andersen 0-0: Ground out U3 (Groundball, 3S, EV 72.5 MPH)
Batting: LHB Roberts Hamhock 0-0: Ball
1-0: Ball
2-0: Ball
3-0: Called Strike
3-1: Called Strike
3-2: Base on Balls
Batting: RHB António Macías 0-0: Foul Ball, location: 2F
0-1: Foul Ball, location: 2F
0-2: Strikes out swinging
Top of the 2nd over - 0 runs, 0 hits, 0 errors, 1 left on base; Greenville 0 - D.C. 0
BOTTOM OF THE 2ND
D.C. Divided batting - Pitching for Greenville 84s : LHP Zadock Dinkelmann
Batting: SHB Billy Dotson 0-0: Foul Ball, location: 2F
0-1: Swinging Strike
0-2: Strikes out swinging
Batting: LHB Craig Morgan 0-0: Ball
1-0: Ball
2-0: Swinging Strike
2-1: Ground out 5-3 (Groundball, 5, EV 88.1 MPH)
Batting: RHB Francisco Alhama 0-0: Called Strike
0-1: Swinging Strike
0-2: Strikes out looking
Bottom of the 2nd over - 0 runs, 0 hits, 0 errors, 0 left on base; Greenville 0 - D.C. 0
TOP OF THE 3RD
Greenville 84s batting - Pitching for D.C. Divided : RHP César Sandoval
Batting: RHB Freedon Akinmoladun 0-0: Ball
1-0: Swinging Strike
1-1: Ball
2-1: SINGLE (Line Drive, 9S, EV 95.6 MPH)
Batting: RHB Francisco Agámez 0-0: Called Strike
0-1: Ball
1-1: Swinging Strike
1-2: Ball
2-2: Foul Ball, location: 2F
2-2: Ball
3-2: Fly out, F8 (Flyball, 8LXD, EV 85.6 MPH)
Batting: SHB Glyn Bolasky 0-0: Ball
1-0: Ball
2-0: Called Strike
2-1: Fielders Choice at 2nd, 4-6 (Groundball, 4, EV 98.1 MPH)
Batting: RHB Juan Jose Ayala 0-0: Ground out U3 (Groundball, 34S, EV 87.5 MPH)
Top of the 3rd over - 0 runs, 1 hit, 0 errors, 1 left on base; Greenville 0 - D.C. 0
BOTTOM OF THE 3RD
D.C. Divided batting - Pitching for Greenville 84s : LHP Zadock Dinkelmann
Batting: RHB Layton Arntsen 0-0: Called Strike
0-1: Ball
1-1: Ball
2-1: Ball
3-1: Ground out 4-3 (Groundball, 4, EV 95.0 MPH)
Batting: RHB Kimi Okubo 0-0: Called Strike
0-1: Ball
1-1: Called Strike
1-2: Strikes out swinging
Batting: LHB Bill Butler 0-0: Foul Ball, location: 2F
0-1: Ball
1-1: SINGLE (Groundball, 34S, EV 62.5 MPH) (infield hit)
Batting: RHB Martín Chávez 0-0: Fielders Choice at 2nd, U6 (Groundball, 6M, EV 108.1 MPH)
Bottom of the 3rd over - 0 runs, 1 hit, 0 errors, 1 left on base; Greenville 0 - D.C. 0
TOP OF THE 4TH
Greenville 84s batting - Pitching for D.C. Divided : RHP César Sandoval
Batting: RHB Ángelo Delgado 0-0: Called Strike
0-1: Ball
1-1: Ground out 1-3 (Groundball, P, EV 83.1 MPH)
Batting: LHB Chris Payling 0-0: SINGLE (Groundball, 6MD, EV 94.4 MPH)
Batting: RHB Gil Andersen 0-0: Ball
1-0: Ball
2-0: Foul Ball, location: 2F
2-1: Grounds into double play, 6-4-3 (Groundball, 6, EV 86.9 MPH)
Top of the 4th over - 0 runs, 1 hit, 0 errors, 0 left on base; Greenville 0 - D.C. 0
BOTTOM OF THE 4TH
D.C. Divided batting - Pitching for Greenville 84s : LHP Zadock Dinkelmann
Batting: LHB Manuel Carmona 0-0: Ball
1-0: Called Strike
1-1: Ground out 6-3 (Groundball, 6S, EV 63.8 MPH)
Batting: LHB Stanley Zijm 0-0: Ball
1-0: Called Strike
1-1: SOLO HOME RUN (Flyball, 89XD, EV 104.4 MPH), Distance : 442 ft
Batting: SHB Billy Dotson 0-0: Called Strike
0-1: Ball
1-1: Ball
2-1: Foul Ball, location: 2F
2-2: Ground out 5-3 (Groundball, 56S, EV 75.6 MPH)
Batting: LHB Craig Morgan 0-0: Swinging Strike
0-1: Ball
1-1: Ball
2-1: Ball
3-1: Foul Ball, location: 2F
3-2: Foul Ball, location: 2F
3-2: Reached via error on a dropped throw from 1B, E1 (Groundball, 34, EV 84.4 MPH)
Batting: RHB Francisco Alhama 0-0: Ball
1-0: Called Strike
1-1: Swinging Strike
1-2: Ball
2-2: Ball
3-2: Strikes out swinging
Bottom of the 4th over - 1 run, 1 hit, 1 error, 1 left on base; Greenville 0 - D.C. 1
TOP OF THE 5TH
Greenville 84s batting - Pitching for D.C. Divided : RHP César Sandoval
Batting: LHB Roberts Hamhock 0-0: Foul Ball, location: 2F
0-1: Ground out U3 (Groundball, 3, EV 84.4 MPH)
Batting: RHB António Macías 0-0: Ball
1-0: Called Strike
1-1: Ball
2-1: Foul Ball, location: 2F
2-2: Ball
3-2: Foul Ball, location: 2F
3-2: Fly out, F7 (Flyball, 7LS, EV 86.2 MPH)
Batting: RHB Freedon Akinmoladun 0-0: Called Strike
0-1: Ball
1-1: Ball
2-1: Reached on error, E5 (Groundball, 56, EV 110.6 MPH)
Batting: RHB Francisco Agámez 0-0: Foul Ball, location: 2F
0-1: Ball
1-1: Ground out 5-3 (Groundball, 56S, EV 66.2 MPH)
Top of the 5th over - 0 runs, 0 hits, 1 error, 1 left on base; Greenville 0 - D.C. 1
BOTTOM OF THE 5TH
D.C. Divided batting - Pitching for Greenville 84s : LHP Zadock Dinkelmann
Batting: RHB Layton Arntsen 0-0: Ball
1-0: Called Strike
1-1: Fly out, F5 (Line Drive, 6, EV 68.1 MPH)
Batting: RHB Kimi Okubo 0-0: Called Strike
0-1: Ball
1-1: Ball
2-1: Fly out, F9 (Flyball, 9S, EV 95.0 MPH)
Batting: LHB Bill Butler 0-0: Ball
1-0: Reached on error, E5 (Groundball, 56S, EV 81.9 MPH)
Batting: RHB Martín Chávez 0-0: Ball
1-0: Called Strike
1-1: Ground out 6-3 (Groundball, 6MD, EV 93.1 MPH)
Bottom of the 5th over - 0 runs, 0 hits, 1 error, 1 left on base; Greenville 0 - D.C. 1
TOP OF THE 6TH
Greenville 84s batting - Pitching for D.C. Divided : RHP César Sandoval
Batting: SHB Glyn Bolasky 0-0: Ball
1-0: Swinging Strike
1-1: Foul Ball, location: 2F
1-2: Foul Ball, location: 2F
1-2: Ball
2-2: Foul Ball, location: 2F
2-2: Ground out 5-3 (Groundball, 56S, EV 84.4 MPH)
Batting: RHB Juan Jose Ayala 0-0: Swinging Strike
0-1: Ball
1-1: Ball
2-1: DOUBLE (Line Drive, 89D, EV 105.0 MPH)
Batting: RHB Ángelo Delgado 0-0: Called Strike
0-1: Ground out 6-3 (Groundball, 56, EV 82.5 MPH)
Batting: LHB Chris Payling 0-0: Ball
1-0: Foul Ball, location: 2F
1-1: Reached on error, E9 (Flyball, 9, EV 80.0 MPH)
Juan Jose Ayala scores
Batting: RHB Gil Andersen 0-0: Ball
1-0: Fly out, F8 (Line Drive, 8LM, EV 92.5 MPH)
Top of the 6th over - 1 run, 1 hit, 1 error, 1 left on base; Greenville 1 - D.C. 1
BOTTOM OF THE 6TH
D.C. Divided batting - Pitching for Greenville 84s : LHP Zadock Dinkelmann
Batting: LHB Manuel Carmona 0-0: Called Strike
0-1: Hit by Pitch
Batting: LHB Stanley Zijm 0-0: Ball
1-0: Called Strike
1-1: Ball
2-1: Ball
3-1: DOUBLE (Line Drive, 7LS, EV 97.5 MPH)
Manuel Carmona to third
Batting: SHB Billy Dotson 0-0: Fly out, F8 (Flyball, 8LS, EV 79.4 MPH)
Batting: LHB Craig Morgan 0-0: Swinging Strike
0-1: Called Strike
0-2: Foul Ball, location: 2F
0-2: Ball
1-2: Ball
2-2: Foul Ball, location: 2F
2-2: Foul Ball, location: 2F
2-2: Foul Ball, location: 2F
2-2: Fly out, F8 (Flyball, 78D, EV 95.6 MPH)
Runner from 3rd tags up, SCORES, throw by CF
Stanley Zijm to third
Pitching: RHP Dave Lawson
Batting: RHB Francisco Alhama 0-0: Ground out 5-3 (Groundball, 56, EV 89.4 MPH)
Bottom of the 6th over - 1 run, 1 hit, 0 errors, 1 left on base; Greenville 1 - D.C. 2
TOP OF THE 7TH
Greenville 84s batting - Pitching for D.C. Divided : RHP César Sandoval
Batting: LHB Roberts Hamhock 0-0: Called Strike
0-1: Foul Ball, location: 2F
0-2: Fly out, F9 (Flyball, 9, EV 90.6 MPH)
Batting: RHB António Macías 0-0: Ball
1-0: Foul Ball, location: 2F
1-1: Called Strike
1-2: Foul Ball, location: 2F
1-2: Strikes out swinging
Batting: RHB Freedon Akinmoladun 0-0: Called Strike
0-1: Swinging Strike
0-2: Ball
1-2: Strikes out looking
Top of the 7th over - 0 runs, 0 hits, 0 errors, 0 left on base; Greenville 1 - D.C. 2
BOTTOM OF THE 7TH
D.C. Divided batting - Pitching for Greenville 84s : RHP Dave Lawson
Batting: RHB Layton Arntsen 0-0: Ground out 6-3 (Groundball, 6S, EV 81.2 MPH)
Batting: RHB Kimi Okubo 0-0: Ball
1-0: Fly out, F9 (Flyball, 9D, EV 85.0 MPH)
Batting: LHB Bill Butler 0-0: Foul Ball, location: 2F
0-1: Ball
1-1: Foul Ball, location: 2F
1-2: Ball
2-2: Ball
3-2: SINGLE (Groundball, 56D, EV 98.8 MPH)
Batting: RHB Martín Chávez 0-0: SINGLE (Groundball, 56D, EV 95.0 MPH)
Bill Butler to second
Batting: LHB Manuel Carmona 0-0: Ball
1-0: Fly out, F7 (Flyball, 78S, EV 82.5 MPH)
Bottom of the 7th over - 0 runs, 2 hits, 0 errors, 2 left on base; Greenville 1 - D.C. 2
TOP OF THE 8TH
Greenville 84s batting - Pitching for D.C. Divided : RHP César Sandoval
Pitching: RHP Baker Mayfield
Batting: RHB Francisco Agámez 0-0: Fly out, F9 (Line Drive, 9D, EV 105.0 MPH)
Batting: SHB Glyn Bolasky 0-0: Ball
1-0: Foul Ball, location: 2F
1-1: Fly out, F7 (Flyball, 7S, EV 72.5 MPH)
Batting: RHB Juan Jose Ayala 0-0: SINGLE (Groundball, 34D, EV 98.8 MPH)
Batting: RHB Ángelo Delgado 0-0: Called Strike
0-1: Ball
1-1: Called Strike
1-2: Ground out U3 (Groundball, 3S, EV 88.1 MPH)
Top of the 8th over - 0 runs, 1 hit, 0 errors, 1 left on base; Greenville 1 - D.C. 2
BOTTOM OF THE 8TH
D.C. Divided batting - Pitching for Greenville 84s : RHP Dave Lawson
Batting: LHB Stanley Zijm 0-0: Called Strike
0-1: Ball
1-1: Swinging Strike
1-2: Strikes out swinging
Batting: SHB Billy Dotson 0-0: Called Strike
0-1: Ball
1-1: Ball
2-1: Ground out 6-3 (Groundball, 56, EV 90.6 MPH)
Batting: LHB Craig Morgan 0-0: Foul Ball, location: 2F
0-1: Ball
1-1: Ball
2-1: Foul Ball, location: 2F
2-2: SINGLE (Line Drive, 9S, EV 110.6 MPH)
Batting: RHB Francisco Alhama 0-0: Ball
1-0: Ball
2-0: Ball
3-0: Called Strike
3-1: Base on Balls
Craig Morgan to second
Pitching: LHP Ramon Wuilink
Batting: RHB Layton Arntsen 0-0: Ball
1-0: Ball
2-0: Swinging Strike
2-1: Ball
3-1: Base on Balls
Craig Morgan to third
Francisco Alhama to second
Batting: RHB Kimi Okubo 0-0: Ball
1-0: Ball
2-0: Called Strike
2-1: Foul Ball, location: 2F
2-2: Ball
3-2: Ground out 6-3 (Groundball, 6, EV 102.5 MPH)
Bottom of the 8th over - 0 runs, 1 hit, 0 errors, 3 left on base; Greenville 1 - D.C. 2
TOP OF THE 9TH
Greenville 84s batting - Pitching for D.C. Divided : RHP Baker Mayfield
Pitching: RHP Sidney Crosbie
Batting: LHB Chris Payling 0-0: Ground out 4-3 (Groundball, 34D, EV 100.6 MPH)
Batting: RHB Gil Andersen 0-0: Ball
1-0: SINGLE (Groundball, 5D, EV 101.9 MPH)
Batting: LHB Roberts Hamhock 0-0: Ball
1-0: Ball
2-0: Foul Ball, location: 2F
2-1: Swinging Strike
2-2: Strikes out swinging
Batting: RHB António Macías 0-0: Swinging Strike
0-1: Swinging Strike
0-2: Strikes out swinging
Top of the 9th over - 0 runs, 1 hit, 0 errors, 1 left on base; Greenville 1 - D.C. 2
Tuesday, January 5th, 2021 - OOTP Baseball 20.8 Build 74